 Dungeon Crawl Stone Soup version 0.26.0-41-g79a4fc7684 (webtiles) character file.

Game seed: 18013017643646526055

382 Froggeryz the Ruffian (level 6, -3/51 HPs)
             Began as a Ghoul Delver on Jan 26, 2021.
             Splashed by Ijyb's acid (13 damage)
             ... on level 3 of the Dungeon.
             The game lasted 00:04:42 (3446 turns).

Froggeryz the Ruffian (Ghoul Delver)                Turns: 3446, Time: 00:04:43

Health: -3/51      AC:  6    Str: 18    XL:     6   Next: 76%
Magic:  5/5        EV: 11    Int:  5    God:
Gold:   209        SH:  0    Dex: 10    Spells: 5/5 levels left

rFire    . . .     SeeInvis .     - Unarmed
rCold    + . .     Faith    .   (no shield)
rNeg     + + +     Spirit   .   o - +0 ring mail
rPois    ∞         Reflect  .   a - +0 helmet
rElec    .         Harm     .   (no cloak)
rCorr    .         Rampage  .   (no gloves)
Will     .....                  (no boots)
Stlth    ++........             (no amulet)
HPRegen  0.00/turn              (no ring)
MPRegen  0.09/turn              (no ring)

@: no status effects
A: claws 1, cold resistance 1, negative energy resistance 3, inhibited
regeneration, torment resistance, unbreathing
a: no special abilities


You were on level 3 of the Dungeon.
You visited 1 branch of the dungeon, and saw 5 of its levels.

You collected 209 gold pieces.

Inventory:

Missiles
 n - 38 poisoned darts (quivered)
Armour
 a - a +0 helmet (worn)
 o - a +0 ring mail (worn)
Wands
 f - a wand of digging (3)
Scrolls
 b - 2 scrolls of fog
 c - 2 scrolls of magic mapping
 h - 3 scrolls of teleportation
 i - a scroll of amnesia {unknown}
 j - 6 scrolls of identify {unknown}
 k - a scroll of enchant weapon {unknown}
 m - a scroll of random uselessness {unknown}
 p - a scroll of fear
 r - a scroll of enchant armour {unknown}
Potions
 d - 2 potions of curing {unknown}
 e - a potion of haste
 g - a potion of magic
 l - 2 potions of mutation {unknown}
 q - a potion of invisibility {unknown}
 s - a potion of lignification {unknown}


   Skills:
 - Level 3.2 Fighting
 - Level 1.7 Dodging
 - Level 5.4 Stealth
 * Level 7.7 Unarmed Combat


You had 5 spell levels left.
You didn't know any spells.
Your spell library was empty.

Dungeon Overview and Level Annotations

Branches:
Dungeon (5/15)
 Temple: D:4-7

Altars:
Trog
Yredelemnul

Annotations:
D:3 1 runed translucent door, Crazy Yiuf, Ijyb


Innate Abilities, Weirdness & Mutations

You thrive by killing the living.
You are immune to poison.
You have sharp fingernails.
Your flesh is cold resistant. (rC+)
You are immune to negative energy. (rN+++)
You do not regenerate when monsters are visible.
You are immune to unholy pain and torment.
You can survive without breathing.


Message History

Ijyb hits you but does no damage.
You scratch Ijyb but do no damage.
Ijyb is lightly wounded.
Ijyb misses you.
You closely miss Ijyb.
Ijyb is lightly wounded.
Ijyb screams, "Me stronger than you!" Ijyb hits you but does no damage.
You closely miss Ijyb.
Ijyb is lightly wounded.
Ijyb closely misses you.
You scratch Ijyb but do no damage.
Ijyb is lightly wounded.
Ijyb zaps a wand.
The bolt of acid hits you!
You are splashed with acid!
You claw Ijyb!
Ijyb is severely wounded.
Ijyb zaps a wand.
The bolt of acid hits you!!
* * * LOW HITPOINT WARNING * * *
You are splashed with acid!
You die...

#.))†()......# #..#.#.#
#..#########.## #....#.#
#..########...#####.....(#
#................##....###
#.....)..............)##
#.##########.###......#
#............# #.####.#
############.###.# ##.#
#.@..^###..# #g#####....#
#.# #.#.## #.# #>#<# #.#
#.#.# #.# #.#.# #.# #.#.#
#.# #.#.# #.#####.#.#


You could see Ijyb.

Vanquished Creatures
  Sigmund (D:3)
  A scorpion (D:4)
  An orc wizard (D:3)
  A worker ant (D:4)
  Robin (D:3)
  A gnoll (D:2)
  3 adders (D:3)
  An adder skeleton (D:4)
  2 leopard geckos (D:2)
  4 orcs (D:3)
  A ball python (D:3)
  4 giant cockroaches
  13 goblins
  10 hobgoblins
  5 jackals
  A quokka (D:3)
  10 bats
  2 frilled lizards
  9 kobolds
  4 rats
75 creatures vanquished.

Notes
Turn   | Place    | Note
-------+----------+-------------------------------------------
     0 | D:5      | Froggeryz the Ghoul Delver began the quest for the Orb.
     0 | D:5      | Reached XP level 1. HP: 19/19 MP: 0/0
     6 | D:5      | Noticed a water moccasin
    31 | D:4      | Noticed an ogre
    57 | D:4      | Noticed a worker ant
    81 | D:4      | Killed a worker ant
    82 | D:4      | Reached skill level 3 in Unarmed Combat
    82 | D:4      | Reached XP level 2. HP: 16/26 MP: 1/1
   215 | D:4      | Reached XP level 3. HP: 30/31 MP: 2/2
   230 | D:4      | Noticed an ogre
   272 | D:4      | Noticed a scorpion
   291 | D:4      | Killed a scorpion
   292 | D:4      | Reached skill level 4 in Unarmed Combat
   292 | D:4      | Reached XP level 4. HP: 14/38 MP: 3/3
   529 | D:3      | Reached skill level 5 in Unarmed Combat
   660 | D:2      | Found a bloodstained altar of Trog.
   702 | D:3      | Noticed Ijyb
   730 | D:3      | Noticed Sigmund
   826 | D:3      | Reached XP level 5. HP: 6/45 MP: 4/4
  2401 | D:2      | Reached skill level 6 in Unarmed Combat
  2986 | D:3      | Found a basalt altar of Yredelemnul.
  3215 | D:3      | Killed Sigmund
  3216 | D:3      | Reached skill level 7 in Unarmed Combat
  3216 | D:3      | Reached XP level 6. HP: 38/51 MP: 5/5
  3318 | D:3      | Found a runed translucent door.
  3319 | D:3      | Noticed Crazy Yiuf
  3363 | D:3      | Noticed Robin
  3373 | D:3      | Killed Robin
  3446 | D:3      | Splashed by Ijyb's acid

Illustrated notes

Levels and vault maps discovered:
D:1:      elethiomel_arrival_quiet, layout_basic
D:2:      layout_loops_ring, nicolae_overflow_hidden_temple,
          chequers_serial_rivers_micro_c, cheibrodos_gnoll_hut
D:3:      layout_loops_ring, yredelemnul_altar_generic, uniq_sigmund,
          uniq_robin, uniq_ijyb, uniq_crazy_yiuf_cottage
D:4:      layout_basic, serial_shops, nicolae_shop_trees
D:5:      layout_loops_ring, grunt_temple_overflow_cloverleaf, uniq_edmund

Skill      XL: |  1  2  3  4  5 |
---------------+----------------+-----
Unarmed Combat | 3 4 5 7 |  7.7
Fighting       | |  3.2
Dodging        | |  1.7
Stealth        | |  5.4

Action                   |  1- 3 |  4- 6 || total
-------------------------+-------+-------++-------
Melee: Unarmed           |    29 |   209 ||   238
       Punch             |       |     5 ||     5
  Use: Potion            |       |     3 ||     3
       Scroll            |       |     2 ||     2
 Stab: Sleeping          |       |    12 ||    12
Armor: Leather armour    |     3 |    29 ||    32
       Ring mail         |       |    35 ||    35
Dodge: Dodged            |    11 |   116 ||   127
